 Dungeon Crawl Stone Soup version 0.29.1-15-g9cfb28693d (webtiles) character file.

Game seed: 6364207891751069044

518 croobank the Covert (level 7, 0/73 HPs)
             Began as an Octopode Delver on Feb 24, 2023.
             Was an Initiate of Gozag.
             Slain by a wyvern (11 damage)
             ... on level 5 of the Dungeon.
             The game lasted 00:18:37 (5766 turns).

croobank the Covert (Octopode Delver)               Turns: 5766, Time: 00:18:38

Health: 0/73       AC: 23    Str: 11    XL:     7   Next: 21%
Magic:  7/8        EV:  2    Int: 15    God:    Gozag
Gold:   256        SH:  0    Dex: 22    Spells: 4/8 levels left

rFire   . . .      SeeInvis .   w - +2 whip "Ycelacw" {protect, rPois rN++ Will- Dex+9}
rCold   . . .      Faith    .   (no shield)
rNeg    + + .      Spirit   .   (helmet currently unavailable)
rPois   +          Reflect  .   x - amulet of regeneration
rElec   .          Harm     .   (no ring)
rCorr   .          Rampage  .   (no ring)
Will    .....      NoTele   +   (no ring)
Stlth   ++++......              (no ring)
HPRegen 1.02/turn               (no ring)
MPRegen 0.11/turn               (no ring)
                                (no ring)
                                (no ring)

@: mighty, tree-form
A: stationary, stasis, torment immunity, boosted hp, almost no armour,
(amphibious), 8 rings, (camouflage 1), (gelatinous body 1), (nimble swimmer 1),
(tentacles)
a: Renounce Religion, Potion Petition, Call Merchant, Bribe Branch


You were on level 5 of the Dungeon.
You worshipped Gozag.
Gozag was aware of your devotion.
You were a tree.
You visited 2 branches of the dungeon, and saw 7 of its levels.

You collected 336 gold pieces.
You paid 80 gold pieces to Gozag.

Inventory:

Hand Weapons
 a - a +1 vorpal hand axe
 o - a +0 short sword
 p - a +0 dagger
 w - the +2 whip "Ycelacw" (weapon) {protect, rPois rN++ Will- Dex+9}
   (You found it on level 2 of the Dungeon)

   It grants its wielder temporary protection when it strikes (+7 to AC).
   Dex:       It affects your dexterity (+9).
   rPois:     It protects you from poison.
   rN:        It greatly protects you from negative energy.
   Will:      It decreases your willpower.
 z - a +1 hammer of holy wrath
Missiles
 j - 2 atropa-tipped darts (quivered)
 y - 4 poisoned darts
Armour
 i - a +0 hat of willpower (melded)
Jewellery
 k - an amulet of reflection
 v - an amulet of guardian spirit
 x - an amulet of regeneration (around neck)
 E - a ring of fire
Wands
 f - a wand of digging (2)
 g - a wand of iceblast (5)
 H - a wand of polymorph (10)
Scrolls
 b - a scroll of fog
 h - a scroll of magic mapping
 m - a scroll of enchant weapon
 u - a scroll of poison
 C - a scroll of torment
Potions
 c - 2 potions of lignification
 e - a potion of haste
 n - 2 potions of mutation
 s - a potion of berserk rage {unknown}
 t - 2 potions of flight {unknown}
 A - a potion of heal wounds {unknown}
 B - a potion of ambrosia {unknown}
 D - a potion of invisibility {unknown}
 I - 2 potions of attraction {unknown}


   Skills:
 + Level 4.4 Fighting
 + Level 3.8 Axes
 + Level 3.9 Dodging
 + Level 8.2 Stealth
 * Level 1.1 Spellcasting
 + Level 0.6 Conjurations
 * Level 1.2 Fire Magic
 + Level 0.6 Air Magic
 + Level 0.7 Poison Magic


You had 4 spell levels left.
You knew the following spells:

 Your Spells              Type           Power      Damage    Failure   Level
a - Foxfire               Conj/Fire      12%        2x1d4     17%         1
b - Mephitic Cloud        Conj/Pois/Air  2%         N/A       50%         3

Your spell library contained the following spells:

 Spells                   Type           Power      Damage    Failure   Level
 Magic Dart               Conj           8%         1d3       19%         1
 Apportation              Tloc           0%         N/A       24%         1
 Sandblast                Erth           0%         2d4       24%         1
 Call Imp                 Summ           0%         N/A       36%         2
 Passwall                 Tmut/Erth      0%         N/A       36%         2
 Conjure Flame            Conj/Fire      3%         6-21      45%         3
 Ignite Poison            Fire/Tmut/Pois 2%         N/A       50%         3
 Inner Flame              Hex/Fire       2%         N/A       50%         3
 Stone Arrow              Conj/Erth      2%         3d7       54%         3
 Flame Wave               Conj/Fire      3%         2d5       86%         4
 Sticky Flame             Conj/Fire      3%         2d3       86%         4
 Alistair's Intoxication  Tmut/Pois      0%         N/A       99%         5


Dungeon Overview and Level Annotations

Branches:
Dungeon (6/15)             Temple (1/1) D:4

Altars:
Ashenzari
Elyvilon
Gozag
Hepliaklqana
Kikubaaqudgha
Makhleb
Nemelex Xobeh
Sif Muna
Trog
Uskayaw
Vehumet
Wu Jian
Xom
Yredelemnul
Zin
The Shining One

Annotations:
D:2 1 runed translucent door, Crazy Yiuf
D:4 3 runed translucent doors, kingofthe's ghost, amateur DECj
D:5 3 runed translucent doors, Jingleheimer's ghost, amateur MiFi


Innate Abilities, Weirdness & Mutations

You are a tree.
Your roots penetrate the ground, keeping you stationary.
You cannot be teleported.
You are immune to unholy pain and torment.
Your maximum health is greatly increased.
You cannot wear most types of armour.
((You are amphibious.))
You can wear up to eight rings at the same time.
((Your skin changes colour to match your surroundings (Stealth+).))
((Your rubbery body absorbs attacks. (AC +1, EV +1)))
((You are camouflaged when in or above water. (Stealth+)))
((You have tentacles for arms and can constrict up to eight enemies at once.))


Message History

The wyvern bites you! x2
You closely miss the wyvern.
The wyvern is lightly wounded.
The wyvern completely misses you.
You hit the wyvern.
Your weapon exudes an aura of protection.
The wyvern is lightly wounded.
The wyvern misses you. The wyvern barely misses you.
You hit the wyvern.
The wyvern is moderately wounded.
The wyvern bites you!
You hit the wyvern but do no damage.
The wyvern is moderately wounded.
The wyvern bites you!
* * * LOW HITPOINT WARNING * * *
The wyvern bites you.
* * * LOW HITPOINT WARNING * * *
Okay, then.
Really quaff the potion of lignification?
You turn into a tree.
Your +0 hat of willpower melds into your body.
You feel less strong-willed.
Your roots penetrate the ground.
The wyvern barely misses you.
You feel better. The wyvern bites you!
* * * LOW HITPOINT WARNING * * *
The wyvern bites you but does no damage.
You feel better.
The wyvern hisses menacingly.
The wyvern bites you but does no damage.
You feel better. The wyvern bites you!
* * * LOW HITPOINT WARNING * * *
The wyvern bites you but does no damage.
You feel very mighty all of a sudden. The wyvern bites you!
* * * LOW HITPOINT WARNING * * *
You closely miss the wyvern.
The wyvern is lightly wounded.
The wyvern bites you!
You die...
Your body crumbles into a pile of gold.

#...######........#
##..#
..#..##...........# ##.#
.###..............# ###
## ##.............## #
#....##.........#***#
#.....###.....>.#,..# #
##..#...##.......#...#
###..####..#........#***
<.....####......♣.###
####...####.>...l.# #
#..<..........##
#.............#
#..####.(.....## #..#
###..##(.## #..#
##....##..#####
#..####.....####.#..##
#..##..##...## #.....#


You could see a wyvern.

Vanquished Creatures
  A phantom (D:5)
  A necrophage (D:5)
  3 hounds
  Natasha (thrice) (D:2)
  An orc wizard (D:3)
  An iguana (D:4)
  6 adders
  A river rat (D:4)
  A shadow imp (D:4)
  A white imp (D:5)
  2 dart slugs
  6 orcs
  9 endoplasms
  2 giant cockroaches (D:4)
  6 goblins
  7 hobgoblins
  8 kobolds
  8 ball pythons
  4 bats
  4 frilled lizards
  8 rats
83 creatures vanquished.

Vanquished Creatures (others)
  71 foxfires
71 creatures vanquished.

Grand Total: 154 creatures vanquished

Notes
Turn   | Place    | Note
-------+----------+-------------------------------------------
     0 | D:5      | croobank the Octopode Delver began the quest for the Orb.
     0 | D:5      | Reached XP level 1. HP: 16/16 MP: 1/1
     1 | D:6      | Noticed an ogre
    96 | D:5      | Noticed a wyvern
   110 | D:5      | Reached XP level 2. HP: 15/21 MP: 2/2
   330 | D:5      | Noticed an ogre
   365 | D:5      | Found a runed translucent gate.
   365 | D:5      | Found a runed translucent gate.
   366 | D:5      | Found a runed translucent gate.
   376 | D:5      | Noticed Jingleheimer's ghost (amateur MiFi)
   457 | D:4      | Found a runed translucent gate.
   458 | D:4      | Found a runed translucent gate.
   459 | D:4      | Found a runed translucent gate.
   459 | D:4      | Noticed kingofthe's ghost (amateur DECj)
   460 | D:4      | Noticed a kobold brigand
   884 | D:2      | Reached XP level 3. HP: 26/26 MP: 3/3
   981 | D:1      | Reached skill level 7 in Stealth
  1410 | D:1      | Identified the +3 ring mail "Cycs" {Str+4 Slay+2}
  1644 | D:1      | Found a faded altar of an unknown god.
  2081 | D:2      | Noticed Natasha
  2104 | D:2      | Killed Natasha
  2105 | D:2      | Reached XP level 4. HP: 12/31 MP: 4/4
  2151 | D:2      | Noticed Natasha
  2167 | D:2      | Killed Natasha
  2356 | D:2      | Identified the +2 whip "Ycelacw" {protect, rPois rN++ Will-
                  | Dex+9}
  2383 | D:2      | Noticed Natasha
  2394 | D:2      | Killed Natasha
  2395 | D:2      | Reached XP level 5. HP: 37/37 MP: 5/5
  2612 | D:2      | Found a runed translucent door.
  2613 | D:2      | Noticed Crazy Yiuf
  2856 | D:3      | Found a shimmering altar of Xom.
  2874 | D:3      | Found a bloodstained altar of Trog.
  2878 | D:3      | Found a radiant altar of Vehumet.
  3682 | D:4      | Reached XP level 6. HP: 43/43 MP: 6/6
  3757 | D:4      | Identified a scroll of acquirement
  3757 | D:4      | Acquired a +0 hat of willpower
  3875 | D:4      | Found a hide-covered altar of Uskayaw.
  3875 | D:4      | Found a glowing golden altar of the Shining One.
  3988 | D:4      | Reached skill level 8 in Stealth
  4012 | D:4      | Found a staircase to the Ecumenical Temple.
  4040 | Temple   | Entered the Ecumenical Temple
  4050 | Temple   | Became a worshipper of Gozag Ym Sagoz the Greedy
  4084 | D:4      | Learned a level 1 spell: Foxfire
  4105 | D:4      | Found a white marble altar of Elyvilon.
  4686 | D:5      | Learned a level 3 spell: Mephitic Cloud
  5421 | D:5      | Reached skill level 1 in Fire Magic
  5421 | D:5      | Reached XP level 7. HP: 46/49 MP: 2/8
  5481 | D:5      | Reached skill level 1 in Spellcasting
  5760 | D:5      | HP: 2/49 [wyvern (6)]
  5766 | D:5      | Slain by a wyvern

Illustrated notes

Levels and vault maps discovered:
D:1:      reono_arrival_forest_river, layout_rooms,
          ebering_ecumenical_altar_rust, minmay_misc_feat_pillars,
          minmay_misc_feat_secret_circle, minmay_misc_feat_ornament,
          nrook_loot_triangle, chequers_serial_rivers_micro_a,
          hangedman_decor_riveting, minmay_tetromino_t2
D:2:      layout_loops_ring, uniq_crazy_yiuf_cottage, uniq_natasha
D:3:      layout_basic, minmay_overflow_temple_star_quad
D:4:      layout_loops_ring, mainiacjoe_overflow_brackets, jmf_multi_god_temple,
          temple_pool_b, gammafunk_ghost_nasty_kobolds,
          cheibrodos_sewer_entry_sluice
D:5:      layout_layer_cave, gammafunk_ghost_necromancy
D:6:      layout_gridville, hangedman_abyss_or_decor_stagger
Temple:   eino_temple_lava

Skill      XL: |  1  2  3  4  5  6  7 |
---------------+----------------------+-----
Stealth        | 7 8 |  8.2
Dodging        | 3 |  3.9
Axes           | 3 |  3.8
Fighting       | 4 |  4.4
Fire Magic     | 1 |  1.2
Spellcasting   | 1 |  1.1
Conjurations   | |  0.6
Air Magic      | |  0.6
Poison Magic   | |  0.7

Action                   |  1- 3 |  4- 6 |  7- 9 || total
-------------------------+-------+-------+-------++-------
Melee: Hand axe          |    61 |     5 |       ||    66
       Constrict         |    16 |    23 |       ||    39
       Tentacles         |    12 |    19 |     2 ||    33
       Whip              |       |   101 |    10 ||   111
Throw: Dart              |       |       |     2 ||     2
 Cast: Foxfire           |       |    37 |     6 ||    43
Evoke: Wand              |     1 |       |       ||     1
  Use: Scroll            |     3 |    17 |     1 ||    21
       Potion            |       |       |     5 ||     5
 Stab: Sleeping          |    17 |    17 |       ||    34
Armor: Skin              |     2 |    10 |     4 ||    16
Dodge: Dodged            |    22 |    64 |     6 ||    92
Block: Other             |     9 |     7 |       ||    16
